 Dungeon Crawl Stone Soup version 0.27.1-16-g815e20cd7a (webtiles) character file.

Game seed: 9981290159055349302

7 McKennaii the Magician (level 2, 0/23 HPs)
             Began as a Djinni Warper on Nov 21, 2021.
             Slain by a quokka (2 damage)
             ... on level 1 of the Dungeon.
             The game lasted 00:00:43 (367 turns).

McKennaii the Magician (Djinni Warper)               Turns: 367, Time: 00:00:43

Health: 0/23       AC:  3    Str: 10    XL:     2   Next: 5%
Gold:   28         EV: 11    Int: 14    God:
                   SH:  0    Dex: 12

rFire    + + .     SeeInvis .   a - +0 falchion
rCold    x . .     Faith    .   (no shield)
rNeg     . . .     Spirit   .   b - +0 leather armour
rPois    ∞         Reflect  .   (no helmet)
rElec    .         Harm     .   (no cloak)
rCorr    .         Rampage  .   (no gloves)
Will     .....                  (boots unavailable)
Stlth    +.........             (no amulet)
HPRegen  0.07/turn              (no ring)
MPRegen  0.00/turn              (no ring)

@: flying
A: sickness immunity, fire resistance 2, cold vulnerability 1, float, innate
caster, hp casting, extra vitality 1
a: no special abilities


You were on level 1 of the Dungeon.
You visited 1 branch of the dungeon, and saw 1 of its levels.

You collected 28 gold pieces.

Inventory:

Hand Weapons
 a - a +0 falchion (weapon)
Missiles
 d - 5 boomerangs of dispersal (quivered)
Armour
 b - a +0 leather armour (worn)
Scrolls
 c - a scroll of blinking
 e - a scroll of magic mapping {unknown}


   Skills:
 * Level 2.0 Fighting
 + Level 1.7 Long Blades
 - Level 0.7 Throwing
 + Level 1.0 Armour
 * Level 2.2 Dodging
 * Level 2.7 Spellcasting


You couldn't memorise any spells.
You knew the following spells:

 Your Spells              Type           Power      Damage    Failure   Level
a - Blink                 Tloc           N/A        N/A       14%         2
b - Lesser Beckoning      Tloc           4%         N/A       28%         3
c - Gell's Gravitas       Tloc           4%         N/A       28%         3
d - Teleport Other        Tloc           9%         N/A       28%         3
e - Manifold Assault      Tloc           9%         N/A       95%         5
Your spell library was empty.

Dungeon Overview and Level Annotations

Branches:
Dungeon (1/15)

Altars:


Innate Abilities, Weirdness & Mutations

You are immune to sickness and miasma.
You are immune to poison.
Your flesh is very heat resistant. (rF++)
You are vulnerable to cold. (rC-)
You float through the air rather than walking.
You learn spells naturally, not from books.
Your magical power is your life essence.
You have superior vitality. (+4 HP)


Message History

A goblin is nearby!
A quokka comes into view.
A frilled lizard comes into view.
Found 7 gold pieces.
Found a stone staircase leading down.
The frilled lizard hisses angrily.
The goblin shouts!
You hit the quokka.
The quokka is lightly wounded.
The quokka bites you.
A kobold comes into view. It is wielding a +0 short sword.
You hit the quokka but do no damage.
The quokka is lightly wounded.
The quokka misses you.
The quokka bites you but does no damage.
You miss the quokka.
The quokka is lightly wounded.
The quokka bites you. The goblin barely misses you.
You riposte.
You hit the goblin.
The goblin is moderately wounded.
You hit the goblin.
The goblin is severely wounded.
The quokka bites you. The quokka barely misses you.
You riposte.
You miss the quokka.
The quokka is lightly wounded.
The goblin hits you with a +0 dagger.
A kobold comes into view. It is wielding a +0 club.
The quokka closely misses you. The quokka bites you.
The quokka bites you but does no damage.
You closely miss the quokka.
The quokka is lightly wounded.
The quokka bites you.
* * * LOW HITPOINT WARNING * * *
You hit the quokka.
The quokka is moderately wounded.
The quokka closely misses you. The quokka bites you.
* * * LOW HITPOINT WARNING * * *
The quokka closely misses you. The quokka bites you.
You die...

..##..l.#### ..#. ...#. l.##....#
.....##.#. ..##....# ...........
...#....####### ##.......##)##
$$......Kl..l.# #...........#
.....#.######.#### #.. .....#..#
.....#†# #..g.# #.# ###.##..#
.....#.##.....##r# #.# #....†##
#......##.###.##@###.#######.....
...#.### #......#.......#..###
..$#.# ##............#......
.....# #....###...###...#..###
#.##.#G#...#G#......### #
#.###...###..##..##.
#................##.
#....._.....####.##.
#...........####.##.


You could see a great orb of eyes, a quokka and a goblin.

Vanquished Creatures
  A bat (D:1)
  A giant cockroach (D:1)
  A kobold (D:1)
  A frilled lizard (D:1)
  3 rats (D:1)
7 creatures vanquished.

Notes
Turn   | Place    | Note
-------+----------+-------------------------------------------
     0 | D:1      | McKennaii the Djinni Warper began the quest for the Orb.
     0 | D:1      | Reached XP level 1. HP: 18/18 MP: 0/0
   300 | D:1      | Found a faded altar of an unknown god.
   301 | D:1      | Noticed a floating eye
   305 | D:1      | Noticed a great orb of eyes
   309 | D:1      | Noticed a great orb of eyes
   309 | D:1      | Noticed a golden eye
   334 | D:1      | Reached XP level 2. HP: 23/23 MP: 0/0
   367 | D:1      | Slain by a quokka

Illustrated notes

Levels and vault maps discovered:
D:1:      matt_arrival_diagonals, layout_basic,
          hellmonk_ecumenical_altar_watching_god, st_stairs_5

Action                   || total
-------------------------++-------
Melee: Falchion          ||    26
 Stab: Sleeping          ||     1
Armor: Leather armour    ||     8
Dodge: Dodged            ||    19
       Rpst.: Falchion   ||     6
